 Dungeon Crawl Stone Soup version 0.21.1-1-g345015fe64 (webtiles) character file.

2981 felirx the Covert (level 9, 0/66 HPs)
             Began as a Vampire Assassin on Apr 11, 2018.
             Was a Follower of Makhleb.
             Slain by an orc warlord
             ... wielding a +0 war axe
              (18 damage)
             ... in a bailey on Apr 12, 2018.
             The game lasted 00:36:09 (10512 turns).

felirx the Covert (Vampire Assassin)               Turns: 10512, Time: 00:36:11

Health: 0/66       AC:  0    Str: 10    XL:     9   Next: 53%
Magic:  0/12       EV: 23    Int: 17    God:    Makhleb [*.....]
Gold:   250        SH:  0    Dex: 20    Spells: 8/8 levels left

rFire    . . .     SeeInvis +   (weapon currently unavailable)
rCold    . . .     Gourm    .   (shield currently unavailable)
rNeg     + . .     Faith    .   (armour currently unavailable)
rPois    .         Spirit   +   (helmet currently unavailable)
rElec    .         Reflect  .   (cloak currently unavailable)
rCorr    .         Harm     .   (gloves currently unavailable)
MR       .....                  (boots currently unavailable)
Stlth    +++++++...             d - amulet of guardian spirit
HPRegen  0.21/turn              (ring currently unavailable)
MPRegen  0.13/turn              (ring currently unavailable)

@: bat-form, flying, very quick
A: tiny, fangs 3, see invisible
a: End Transformation, Renounce Religion


You were in a bailey.
You worshipped Makhleb.
Makhleb was aware of your devotion.
You were not thirsty.
You were in vampire-bat-form.
You visited 2 branches of the dungeon, and saw 8 of its levels.
You also visited: Bailey.

You collected 424 gold pieces.
You spent 174 gold pieces at shops.

Inventory:

Hand Weapons
 a - a +2 dagger of freezing
 b - a +0 blowgun
 n - a +2 dagger of venom
 A - a +0 rapier of speed
 L - the +5 long sword of Attainder (melded) {flame, MR+ Int+4}
   (You found it on level 6 of the Dungeon)

   It has been specially enchanted to burn those struck by it, causing extra
   injury to most foes and up to half again as much damage against particularly
   susceptible opponents.
   Big, fiery blades are also staple armaments of hydra-hunters.
   It affects your intelligence (+4).
   It affects your resistance to hostile enchantments.
Missiles
 e - 46 poisoned needles
 f - a curare-tipped needle
 C - 2 exploding tomahawks
 J - 3 silver javelins
 N - 31 tomahawks of returning (quivered)
Armour
 u - a +0 leather armour (melded)
 x - a +1 cloak (melded)
 y - a +0 pair of boots (melded)
 H - a +0 helmet (melded)
 K - the +5 chain mail "Xismeer" {rC+ Int+3}
   (You found it on level 7 of the Dungeon)

   It affects your intelligence (+3).
   It protects you from cold.
Jewellery
 d - an amulet of guardian spirit (around neck)
Wands
 v - a wand of clouds (1)
 B - a wand of iceblast (4)
Scrolls
 i - 4 scrolls of remove curse
 j - 4 scrolls of identify
 m - a scroll of immolation
 o - a scroll of fear
 p - 4 scrolls of teleportation
 G - a scroll of enchant weapon {unknown}
 I - a scroll of enchant armour
 O - 2 scrolls of blinking {unknown}
Potions
 c - a potion of flight {unknown}
 g - 17 potions of blood
 h - a potion of lignification {unknown}
 k - a potion of berserk rage {unknown}
 l - 4 potions of heal wounds
 q - a potion of haste
 r - 2 potions of magic
 s - 7 potions of curing
 t - 2 potions of might
 w - a potion of degeneration {unknown}
 z - a potion of mutation {unknown}
 D - a potion of cancellation {unknown}
 E - 3 potions of resistance {unknown}
 F - 3 potions of brilliance {unknown}
Books
 M - a book of Clouds

   Spells                             Type                      Level
   a - Poisonous Vapours              Poison/Air                   2
   b - Mephitic Cloud                 Conjuration/Poison/Air       3
   c - Conjure Flame                  Conjuration/Fire             3
   d - Freezing Cloud                 Conjuration/Ice/Air          6
   e - Ring of Flames                 Charms/Fire                  7


   Skills:
 + Level 4.4 Fighting
 - Level 6.8(7.5) Short Blades
 * Level 4.4(6.0) Long Blades
 + Level 2.4 Throwing
 - Level 0.3 Armour
 + Level 4.3 Dodging
 + Level 11.8 Stealth
 * Level 4.9 Invocations


You had 8 spell levels left.
You didn't know any spells.

Dungeon Overview and Level Annotations

Branches:
Dungeon (7/15)             Temple (1/1) D:5

Altars:
Cheibriados
Dithmenos
Elyvilon
Fedhas
Gozag
Kikubaaqudgha
Makhleb
Nemelex Xobeh
Okawaru
Qazlal
Sif Muna
Trog
Uskayaw
Vehumet
Xom
Yredelemnul
Zin
The Shining One

Shops:
D:5 [**?


Innate Abilities, Weirdness & Mutations

You have razor-sharp teeth.
You have supernaturally acute eyesight. (SInv)
((You can survive without breathing.))


Message History

The orc warlord is severely wounded.
You strike the helpless orc warlord from behind!
You hit the orc warlord. You burn the orc warlord.
Your bite misses the orc warlord.
The orc warlord is almost dead.
The orc warlord seems less confused.
The orc warlord barely misses you.
You barely miss the orc warlord.
The orc warlord is almost dead.
The orc warlord looks more healthy.
The orc warlord hits you with a war axe!!
* * * LOW HITPOINT WARNING * * *
There is an open door here.
You turn into a vampire bat.
The +5 long sword of Attainder {flame, MR+ Int+4} melds into your body.
Your +1 cloak melds into your body.
Your +0 helmet melds into your body.
Your +0 pair of boots melds into your body.
Your +0 leather armour melds into your body.
The +5 long sword of Attainder {flame, MR+ Int+4} stops flaming.
The orc warlord hits you with a war axe!!
You die...

#...8......#'''#......8
##......####≈(≈####....
♣##.....#≈≈≈≈≈≈≈≈≈#....
♣.##....#≈.8...8.≈#....
♣♣..###'###.......###'##
♣...≈≈≈.#≈≈.8...8.≈≈#)≈≈
♣...≈≈≈.#≈.........≈#.≈≈
∩...≈≈≈o#≈....∩....≈#.≈≈
♣...≈≈≈b##.........##.≈≈
♣..(≈≈≈.#≈..8...8..≈#)≈≈
♣♣..###'#≈.........≈#'##
♣.##...#≈|?8.o.8!)≈#...
♣##....##≈≈#####≈≈##...
##......####...####....
#......................
#..8.)8.....).......8..
#....)........)).....).


You could see an orc warlord.

Vanquished Creatures
  An orc knight (Bailey)
  The ghost of Unreal the Spear-Bearer, a novice MfSk of Nemelex Xobeh (D:4)
  A hungry ghost (D:7)
  Duvessa (D:6)
  2 orc warriors
  2 ice beasts (D:5)
  A black bear (D:6)
  2 sky beasts
  An ogre (D:4)
  3 phantoms
  A centaur (D:6)
  A bullfrog (D:7)
  Dowan (D:6)
  A scorpion (D:6)
  A howler monkey (D:7)
  2 crimson imps (D:7)
  A bullfrog zombie (D:7)
  2 hounds (D:4)
  A centaur skeleton (D:6)
  2 orc priests
  6 orc wizards
  2 worker ants
  7 adders
  7 gnolls
  A shadow imp (D:6)
  An ooze (D:4)
  2 adder skeletons (D:4)
  2 worms (D:4)
  A dart slug (D:4)
  6 leopard geckos
  25 orcs
  8 bats
  3 giant cockroaches
  7 goblins
  8 hobgoblins
  3 jackals (D:2)
  19 kobolds
  3 quokkas
  2 ball pythons
  8 frilled lizards
  A jackal skeleton (D:4)
  7 rats
157 creatures vanquished.

Notes
Turn   | Place    | Note
-------+----------+-------------------------------------------
     0 | D:1      | felirx the Vampire Assassin began the quest for the Orb.
     0 | D:1      | Reached XP level 1. HP: 16/16 MP: 1/1
    57 | D:1      | Reached skill level 6 in Stealth
   240 | D:1      | Reached XP level 2. HP: 22/22 MP: 2/2
   910 | D:2      | Reached skill level 7 in Stealth
   933 | D:2      | Reached XP level 3. HP: 27/27 MP: 3/3
  1540 | D:3      | Reached XP level 4. HP: 23/33 MP: 4/4
  1854 | D:3      | Found an opulent altar of Gozag.
  2422 | D:3      | You fall through a shaft for 3 floors!
  2422 | D:6      | Noticed a phantom
  2423 | D:6      | Noticed Duvessa
  2469 | D:5      | Entered Level 5 of the Dungeon
  2469 | D:5      | Found Fiom's General Store.
  2469 | D:5      | Noticed a phantom
  2506 | D:6      | Noticed an orc warrior
  2513 | D:6      | Noticed a centaur
  2608 | D:5      | Noticed a sky beast
  2612 | D:5      | Reached skill level 8 in Stealth
  2618 | D:5      | Found a staircase to the Ecumenical Temple.
  2624 | Temple   | Entered the Ecumenical Temple
  2928 | Temple   | Became a worshipper of Makhleb the Destroyer
  3015 | D:5      | Found Qacudwack's Antique Armour Boutique.
  3144 | D:5      | Bought a potion of heal wounds for 60 gold pieces
  3144 | D:5      | Bought a potion of curing for 36 gold pieces
  3144 | D:5      | Bought a potion of might for 48 gold pieces
  3157 | D:4      | Noticed an ogre
  3159 | D:4      | Killed an ogre
  3159 | D:4      | Reached skill level 1 in Invocations
  3159 | D:4      | Reached XP level 5. HP: 38/38 MP: 5/5
  3353 | D:4      | Reached skill level 9 in Stealth
  3353 | D:4      | Reached XP level 6. HP: 46/46 MP: 7/7
  3398 | D:4      | Noticed Unreal's ghost (novice MfSk)
  3963 | D:4      | Killed Unreal's ghost
  3963 | D:4      | Reached skill level 10 in Stealth
  3963 | D:4      | Reached XP level 7. HP: 29/51 MP: 8/8
  5163 | D:5      | Found Idicvif's Magic Scroll Boutique.
  5171 | D:5      | Bought a scroll of teleportation for 30 gold pieces
  5310 | D:5      | Found Seud's Assorted Antiques.
  5449 | D:5      | Reached skill level 11 in Stealth
  5793 | D:6      | Reached XP level 8. HP: 58/58 MP: 10/10
  6046 | D:5      | Reached skill level 5 in Short Blades
  6523 | D:6      | Found a bloodstained altar of Trog.
  6890 | D:6      | Noticed Dowan
  6912 | D:6      | Killed Duvessa
  6923 | D:6      | Killed Dowan
  7259 | D:6      | Got a scorched long sword
  7260 | D:6      | Identified the +5 long sword of Attainder {flame, MR+ Int+4} (You found it on level 6 of the Dungeon)
  8553 | D:6      | Reached skill level 1 in Long Blades
  9039 | D:7      | Reached XP level 9. HP: 44/65 MP: 12/12
  9442 | D:7      | Reached * piety under Makhleb
  9464 | D:7      | Got a polished chain mail
  9484 | D:7      | Found a flagged portal.
  9489 | Bailey   | Entered a bailey
  9491 | Bailey   | Identified the +5 chain mail "Xismeer" {rC+ Int+3} (You found it on level 7 of the Dungeon)
  9540 | Bailey   | Noticed an orc warlord
  9836 | Bailey   | Found a runed gate.
  9837 | Bailey   | Found a runed gate.
  9838 | Bailey   | Found a runed gate.
  9858 | Bailey   | Noticed an orc knight
 10003 | Bailey   | Killed an orc knight
 10512 | Bailey   | Slain by an orc warlord

Skill      XL: |  1  2  3  4  5  6  7  8  9 |
---------------+----------------------------+-----
Stealth        | 6 7 8 9 10 11 | 11.8
Fighting       | 2 3 4 |  4.4
Short Blades   | 3 4 6 |  6.8
Invocations    | 1 2 3 4 |  4.9
Dodging        | 2 3 4 |  4.3
Long Blades    | 1 4 |  4.4
Throwing       | 2 |  2.4
Armour         | |  0.3

Action                   |  1- 3 |  4- 6 |  7- 9 || total
-------------------------+-------+-------+-------++-------
Melee: Dagger            |    89 |    95 |    75 ||   259
       Bite              |     1 |     8 |    32 ||    41
       Rapier            |       |       |   147 ||   147
       Long sword        |       |       |   125 ||   125
 Fire: Blowgun           |       |       |    25 ||    25
Throw: Javelin           |       |       |     3 ||     3
       Tomahawk          |       |       |    31 ||    31
 Abil: Bat Form          |       |       |     1 ||     1
Evoke: Wand              |       |     1 |     7 ||     8
  Use: Scroll            |       |     8 |     4 ||    12
       Potion            |       |     5 |    16 ||    21
 Stab: Sleeping          |    16 |    14 |    11 ||    41
       Confused          |       |       |     2 ||     2
Armor: Robe              |     5 |       |       ||     5
       Leather armour    |     3 |    16 |    91 ||   110
Dodge: Dodged            |    38 |    44 |   225 ||   307
       Rpst.: Long sword |       |       |    17 ||    17
